 Dungeon Crawl Stone Soup version 0.19.0-9-gfd783f2 (webtiles) character file.

84 Mesmaeker13 the Vexing (level 4, -1/30 HPs)
             Began as a Vampire Enchanter on Nov 7, 2016.
             Killed from afar by an orc wizard (7 damage)
             ... with a magic dart
             ... on level 3 of the Dungeon.
             The game lasted 00:05:43 (2374 turns).

Mesmaeker13 the Vexing (Vampire Enchanter)          Turns: 2374, Time: 00:05:43

Health: -1/30      AC:  7    Str:  8    XL:     4   Next: 23%
Magic:  0/7        EV: 12    Int: 17    God:
Gold:   61         SH:  0    Dex: 14    Spells: 3 memorised, 0 levels left

rFire  . . .     SeeInvis +     a - +2 dagger
rCold  + . .     Gourm    .     b - +2 robe
rNeg   + + .     Faith    .     (no shield)
rPois  +         Spirit   .     (no helmet)
rElec  .         Reflect  .     (no cloak)
rCorr  .         Harm     .     (no gloves)
MR     .....                    (no boots)
Stlth  +++.......               (no amulet)
                                e - +3 ring of protection
                                j - ring of loudness (curse)

@: regenerating slowly
A: fangs 3, see invisible, unbreathing
a: Bat Form


You were on level 3 of the Dungeon.
You were very thirsty.

You visited 1 branch of the dungeon, and saw 3 of its levels.

You collected 61 gold pieces.

Inventory:

Hand Weapons
 a - a +2 dagger (weapon)
Missiles
 l - 2 throwing nets (quivered)
Armour
 b - a +2 robe (worn)
Jewellery
 e - a +3 ring of protection (right hand)
 j - a cursed ring of loudness (left hand)
Scrolls
 h - 2 scrolls of teleportation
 k - a scroll of identify {unknown}
Potions
 d - 3 potions of blood
 f - a potion of magic {unknown}
 g - a potion of invisibility {unknown}
 i - a potion of flight {unknown}
 m - a potion of agility {unknown}
 n - 2 potions of degeneration {unknown}
Books
 c - a book of Maledictions

   Spells                             Type                      Level
   a - Corona                         Hexes                        1
   b - Ensorcelled Hibernation        Hexes/Ice                    2
   c - Confuse                        Hexes                        3
   d - Tukima's Dance                 Hexes                        3
   e - Dazzling Spray                 Conjuration/Hexes            3


   Skills:
 - Level 1.1 Short Blades
 - Level 2.1 Dodging
 + Level 6.0 Stealth
 + Level 2.1 Spellcasting
 + Level 6.2 Hexes


You couldn't memorise any spells.
You knew the following spells:

 Your Spells              Type           Power        Failure   Level  Hunger
a - Corona                Hex            ###....      1%          1    #......
b - Confuse               Hex            ###.....     6%          3    ###....
c - Tukima's Dance        Hex            ###.....     6%          3    ###....


Dungeon Overview and Level Annotations

Branches:
Dungeon (3/15)

Altars:


Innate Abilities, Weirdness & Mutations

You heal slowly.
You have razor-sharp teeth.
You have supernaturally acute eyesight. (SInv)
You can survive without breathing.


Message History

The orc shouts!
The orc wizard mumbles some strange words.
Casting: Confuse
Confirm with . or Enter, or press ? or * to list all spells.
Aiming: Confuse
Press: ? - help, Shift-Dir - straight line, f - orc, p - orc wizard
Aim: an orc, wielding a hand axe and wearing a leather armour (chance to defeat MR: 70%)
The orc struggles to resist.
The orc wizard hits you but does no damage. x2
You hit the orc.
The orc is moderately wounded.
The orc wizard hits you with a dagger of protection.
* * * LOW HITPOINT WARNING * * *
The orc hits you but does no damage.
You don't have enough magic at the moment.
The orc wizard mumbles some strange words.
The orc wizard blinks!
The orc hits you but does no damage.
The orc wizard gestures at you while chanting.
The magic dart hits you!
You die...

#.# #<# #[#
#######)##.###
#..)..).)......
#.#####........
#.## #........
########o.#
##.......
.......o@.#
....#..
###.####o)#
##### . #..#
#.## #.. ...
#.#. #.#.


You could see an orc wizard and 2 orcs.

Vanquished Creatures
  2 adders (D:2)
  2 oozes (D:1)
  3 dart slugs
  A leopard gecko (D:1)
  3 orcs (D:3)
  3 giant cockroaches
  5 goblins
  5 hobgoblins
  5 jackals (D:2)
  6 kobolds
  3 bats
  4 frilled lizards
  3 rats (D:2)
45 creatures vanquished.

Vanquished Creatures (collateral kills)
  An orc (D:3)
1 creature vanquished.

Vanquished Creatures (others)
  2 dancing weapons (D:3)
2 creatures vanquished.

Grand Total: 48 creatures vanquished

Notes
Turn   | Place    | Note
-------+----------+-------------------------------------------
     0 | D:1      | Mesmaeker13 the Vampire Enchanter began the quest for the Orb.
     0 | D:1      | Reached XP level 1. HP: 13/13 MP: 3/3
   689 | D:1      | Reached XP level 2. HP: 10/19 MP: 0/5
   834 | D:1      | Reached skill level 5 in Stealth
   834 | D:1      | Reached skill level 5 in Hexes
  1156 | D:2      | Reached XP level 3. HP: 24/24 MP: 3/6
  1172 | D:2      | Learned a level 3 spell: Confuse
  1621 | D:2      | Reached XP level 4. HP: 24/30 MP: 3/7
  2054 | D:2      | Learned a level 3 spell: Tukima's Dance
  2374 | D:3      | Killed from afar by an orc wizard

Skill      XL: |  1  2  3  4 |
---------------+-------------+-----
Stealth        | 5 6 |  6.0
Hexes          | 5 6 |  6.2
Short Blades   | |  1.1
Dodging        | |  2.1
Spellcasting   | |  2.1

Action                   |  1- 3 |  4- 6 || total
-------------------------+-------+-------++-------
Melee: Dagger            |   129 |    50 ||   179
       Bite              |     7 |     7 ||    14
 Cast: Corona            |    18 |     5 ||    23
       Confuse           |     2 |     5 ||     7
       Tukima's Dance    |       |     2 ||     2
  Use: Scroll            |     4 |       ||     4
       Potion            |       |     2 ||     2
 Stab: Sleeping          |     9 |     3 ||    12
       Confused          |       |     1 ||     1
Armor: Robe              |    42 |    14 ||    56
Dodge: Dodged            |    73 |    20 ||    93
